 Dungeon Crawl Stone Soup version 0.27.0-1-g7a089689b8 (webtiles) character file.

Game seed: 2800142506162595918

1138 Brandom the Chopper (level 8, -15/67 (70) HPs)
             Began as a Hill Orc Abyssal Knight on Aug 11, 2021.
             Was a Believer of Lugonu.
             Splashed by an acid dragon's acid (18 damage)
             ... on level 6 of the Dungeon.
             The game lasted 00:12:37 (6482 turns).

Brandom the Chopper (Hill Orc Abyssal Knight)       Turns: 6482, Time: 00:12:38

HP:   -15/67 (70)   AC:  5    Str: 17    XL:     8   Next: 37%
MP:   12/12         EV: 10    Int: 12    God:    Lugonu [**....]
Gold: 205           SH:  0    Dex: 10    Spells: 7/7 levels left

rFire    + . .     SeeInvis .   j - +0 hand axe (flame)
rCold    . . .     Faith    .   (no shield)
rNeg     . . .     Spirit   .   m - +0 scale mail
rPois    .         Reflect  .   l - +1 helmet
rElec    .         Harm     .   (no cloak)
rCorr    .         Rampage  .   (no gloves)
Will     .....                  (no boots)
Stlth    ..........             (no amulet)
HPRegen  0.21/turn              e - ring of protection from fire
MPRegen  0.13/turn              (no ring)

@: brilliant, corroded, hasted, lightly drained, very quick
A: no striking features
a: Renounce Religion, Depart the Abyss, Bend Space


You were on level 6 of the Dungeon.
You worshipped Lugonu.
Lugonu was pleased with you.
You visited 1 branch of the dungeon, and saw 6 of its levels.
You visited the Abyss 1 time.

You collected 205 gold pieces.

Inventory:

Hand Weapons
 a - a +1 hand axe
 j - a +0 hand axe of flaming (weapon)
   (You took it off an orc on level 5 of the Dungeon)
 q - a +1 war axe
   (You took it off an orc on level 3 of the Dungeon)
Armour
 b - a +0 leather armour
 h - a +1 helmet
   (You found it on level 5 of the Dungeon)
 l - a +1 helmet (worn)
   (You found it on level 2 of the Dungeon)
 m - a +0 scale mail (worn)
   (You found it on level 2 of the Dungeon)
Jewellery
 e - a ring of protection from fire (left hand)
   (You found it on level 1 of the Dungeon)
Wands
 v - a wand of digging (4)
   (You found it on level 2 of the Dungeon)
Scrolls
 p - a scroll of magic mapping
 s - a scroll of identify {unknown}
Potions
 c - a potion of degeneration {unknown}
 f - a potion of ambrosia {unknown}
 g - a potion of cancellation {unknown}


   Skills:
 + Level 6.0 Fighting
 * Level 7.7 Axes
 + Level 4.7 Armour
 + Level 3.2 Dodging
 + Level 5.5 Invocations


You had 7 spell levels left.
You didn't know any spells.
Your spell library contained the following spells:

 Spells                   Type           Power      Damage    Failure   Level
 Animate Skeleton         Necr           0%         N/A       71%         1
 Apportation              Tloc           0%         N/A       71%         1
 Pain                     Necr           0%         1d4       71%         1
 Vampiric Draining        Necr           0%         2d6       97%         3
 Summon Ice Beast         Ice/Summ       0%         N/A       100%        4
 Alistair's Intoxication  Tmut/Pois      0%         N/A       100%        5
 Summon Mana Viper        Hex/Summ       0%         N/A       100%        5
 Invisibility             Hex            0%         N/A       100%        6
 Monstrous Menagerie      Summ           0%         N/A       100%        7


Dungeon Overview and Level Annotations

Branches:
Dungeon (6/15)             Temple (0/1) D:6

Altars:
Fedhas
Hepliaklqana
Ru
Zin


Message History

The scorpion stings you.
You are poisoned.
The scorpion poisons you!
You hit the scorpion but do no damage. You closely miss the necrophage.
You feel sick. The scorpion closely misses you.
The necrophage hits you but does no damage.
You hit the scorpion. You burn the scorpion.
You hit the necrophage but do no damage.
You feel sick.
The scorpion stings you but does no damage.
The necrophage hits you.
You hit the scorpion. You burn the scorpion. You barely miss the necrophage.
You feel sick.
The scorpion stings you but does no damage.
The necrophage hits you.
You feel drained.
You closely miss the scorpion.
You hit the necrophage but do no damage.
You feel sick.
The scorpion stings you but does no damage.
The necrophage hits you.
* * * LOW HITPOINT WARNING * * *
You feel drained.
* * * LOW HITPOINT WARNING * * *
Unknown command.
Unknown command.
Okay, then.
As you read the scroll of teleportation {@r4}, it crumbles to dust.
You feel strangely unstable.
You feel sick.
The scorpion stings you but does no damage.
The necrophage closely misses you. The scorpion stings you.
* * * LOW HITPOINT WARNING * * *
Unknown command.
You feel sick.
Your surroundings suddenly seem different.
You feel sick.
You are no longer poisoned.
The acid dragon roars!
The acid dragon completely misses you.
The acid dragon claws you but does no damage.
It was a potion of brilliance.
You feel clever all of a sudden. The acid dragon bites you.
* * * LOW HITPOINT WARNING * * *
The acid dragon barely misses you.
It was a potion of haste.
You feel yourself speed up. The acid dragon spits acid at you.
The splash of acid hits you!
* * * LOW HITPOINT WARNING * * *
The acid corrodes you!
You are splashed with acid!!
You die...

≈*≈≈****≈≈#........#***..P...#...
≈*≈≈** *≈≈#.......#####.....P....
***≈≈* *≈≈#...........#.♣♣♣.!P##.
*≈≈* *≈##.............,≈.≈..,#.
*≈≈* *≈#.#...........P≈≈≈♣♣,,..
*≈****≈#<#............≈*≈≈≈,,,,
**≈* #....#............*≈≈≈*****
*≈≈* #..##.............,*≈≈≈≈,**
**≈≈**#..>.....D@......P,,*≈≈,,,,
*≈≈**...,........#......,,,,,,,,,
≈≈≈*..##*###....###.....,,,,,,,,,
,≈*#.#* **#....* *,....,^**,,,,,
,≈*..* **.....## ***.##*,,,*,,,,
,**,** *......* *,# *,,,,,,,,
,,,,* *#.#..#* *** ***,,,,,,
***** #.###* **,,,,, *** *,,,,*


You could see an acid dragon (catching breath).

Vanquished Creatures
  Pikel (D:3)
  A lemure (D:3)
  Blork the orc (D:5)
  A kobold brigand (D:6)
  A scorpion (D:4)
  2 hounds (D:4)
  2 jellies
  2 centaur skeletons (D:5)
  An iguana (D:4)
  Natasha (thrice) (D:2)
  An orc wizard (D:5)
  2 hound skeletons
  A hound zombie (D:5)
  A howler monkey skeleton (D:5)
  6 adders
  An ufetubus (D:4)
  An adder skeleton (D:4)
  4 worms
  A dart slug (D:4)
  4 orcs
  8 ball pythons
  6 bats
  3 endoplasms
  3 giant cockroaches
  6 goblins
  5 hobgoblins
  14 jackals
  10 kobolds
  4 quokkas
  A frilled lizard (D:1)
  3 rats
100 creatures vanquished.

Vanquished Creatures (others)
  5 plants (D:6)
5 creatures vanquished.

Grand Total: 105 creatures vanquished

Notes
Turn   | Place    | Note
-------+----------+-------------------------------------------
     0 | Abyss:1  | Brandom the Hill Orc Abyssal Knight began the quest for the
                  | Orb.
     0 | Abyss:1  | Reached XP level 1. HP: 19/19 MP: 2/2
    57 | Abyss:1  | Noticed a yellow draconian
    65 | D:1      | Escaped the Abyss
   343 | D:1      | Reached skill level 3 in Axes
   346 | D:1      | Reached XP level 2. HP: 24/27 MP: 3/3
   427 | D:1      | Reached skill level 1 in Dodging
   496 | D:1      | Found a faded altar of an unknown god.
  1088 | D:2      | Noticed Natasha
  1090 | D:2      | Noticed a crimson imp
  1096 | D:2      | Noticed a crimson imp
  1106 | D:2      | Reached XP level 3. HP: 14/33 MP: 5/5
  1117 | D:2      | Killed Natasha
  1213 | D:2      | Reached XP level 4. HP: 17/40 MP: 6/6
  1595 | D:2      | Reached skill level 4 in Axes
  1668 | D:2      | Reached ** piety under Lugonu
  2072 | D:2      | Noticed Natasha
  2161 | D:2      | Killed Natasha
  2167 | D:2      | Reached XP level 5. HP: 35/47 MP: 7/7
  2389 | D:2      | Noticed Natasha
  2403 | D:2      | Killed Natasha
  3086 | D:3      | Found a blossoming altar of Fedhas.
  3086 | D:3      | Found a sacrificial altar of Ru.
  3093 | D:3      | Found a faded altar of an unknown god.
  3095 | D:3      | Found a faded altar of an unknown god.
  3097 | D:3      | Found a hazy altar of Hepliaklqana.
  3168 | D:4      | Noticed a lemure
  3232 | D:4      | Noticed a lemure
  3565 | D:4      | Noticed Pikel
  3565 | D:4      | Noticed a lemure
  3589 | D:4      | Noticed a lemure
  3637 | D:3      | Killed a lemure
  3943 | D:4      | Reached skill level 5 in Axes
  3943 | D:4      | Reached XP level 6. HP: 29/53 MP: 8/8
  4098 | D:3      | Killed Pikel
  4099 | D:3      | Reached skill level 5 in Fighting
  4099 | D:3      | Reached skill level 6 in Axes
  4099 | D:3      | Reached XP level 7. HP: 49/61 MP: 8/10
  4826 | D:4      | Reached skill level 5 in Invocations
  5098 | D:4      | Reached skill level 7 in Axes
  5132 | D:4      | You fall into a shaft and drop 2 floors!
  5146 | D:5      | Entered Level 5 of the Dungeon
  5306 | D:5      | Reached XP level 8. HP: 70/70 MP: 11/11
  5775 | D:5      | Noticed Blork the orc
  5785 | D:5      | Killed Blork the orc
  5994 | D:5      | Found a glowing silver altar of Zin.
  6482 | D:6      | HP: 3/67 [acid dragon/splash of acid (14)]
  6482 | D:6      | Splashed by an acid dragon's acid

Illustrated notes

Levels and vault maps discovered:
D:1:      dpeg_arrival_boxes_within_box, layout_loops_cross,
          ebering_ecumenical_altar_mist
D:2:      layout_basic, minmay_pentomino_x2, uniq_natasha
D:3:      layout_basic, chequers_temple_overflow_minitemple
D:4:      minmay_spotlight, layout_cave_pools, hangedman_abyss_or_decor_stagger,
          chequers_avenue, minmay_increasing_density, uniq_pikel
D:5:      layout_loops_cross, old_standard_altar, uniq_blork_the_orc
D:6:      layout_cave_pools, minmay_temple_entry_gardened_gates, serial_rivers,
          chequers_serial_rivers_large_b, chequers_serial_rivers_micro_a,
          chequers_serial_rivers_small_a, chequers_serial_rivers_room_b,
          chequers_serial_rivers_small_b, chequers_serial_rivers_room_b,
          kennysheep_minor_cross, serial_bayou_pond_a

Skill      XL: |  1  2  3  4  5  6  7  8 |
---------------+-------------------------+-----
Axes           | 3 4 5 6 7 |  7.7
Dodging        | 1 2 3 |  3.2
Fighting       | 4 5 6 |  6.0
Invocations    | 3 4 5 |  5.5
Armour         | 3 4 |  4.7

Action                   |  1- 3 |  4- 6 |  7- 9 || total
-------------------------+-------+-------+-------++-------
Melee: Hand axe          |    77 |   123 |    30 ||   230
       Unarmed           |       |    14 |       ||    14
       War axe           |       |    56 |   113 ||   169
Invok: Bend Space        |       |     1 |       ||     1
  Use: Potion            |     2 |     3 |     2 ||     7
       Scroll            |       |       |     8 ||     8
Armor: Leather armour    |    24 |    31 |       ||    55
       Skin              |       |    10 |       ||    10
       Scale mail        |       |    26 |    93 ||   119
Dodge: Dodged            |    67 |    96 |    94 ||   257
